 Dungeon Crawl Stone Soup version 0.29.1-15-g9cfb28693d (webtiles) character file.

Game seed: 9354786423129599674

9575 Smoke131 the Fighter (level 11, -6/99 HPs)
             Began as a Minotaur Fighter on Feb 23, 2023.
             Was an Elder of the Shining One.
             Hit by a javelin thrown by a centaur (7 damage)
             ... in a bailey.
             The game lasted 00:28:20 (8692 turns).

Smoke131 the Fighter (Minotaur Fighter)             Turns: 8692, Time: 00:28:21

Health: -6/99      AC: 26    Str: 25    XL:     11   Next: 24%
Magic:  16/16      EV:  8    Int:  5    God:    the Shining One [****..]
Gold:   597        SH:  5    Dex: 10    Spells: 10/10 levels left

rFire   + . .      SeeInvis .   u - +8 dire flail (protect)
rCold   . . .      Faith    .   (shield currently unavailable)
rNeg    + + +      Spirit   .   z - +4 chain mail
rPois   .          Reflect  +   (helmet restricted)
rElec   .          Harm     .   (no cloak)
rCorr   .          Rampage  .   (no gloves)
Will    .....                   b - +2 pair of boots {rF+}
Stlth   ..........              q - amulet of reflection
HPRegen 0.26/turn               v - ring of positive energy
MPRegen 0.15/turn               (no ring)

@: under a protective aura, attractive, hasted, glowing, very quick
A: horns 2, retaliatory headbutt
a: Renounce Religion, Divine Shield, Cleansing Flame


You were in a bailey.
You worshipped the Shining One.
The Shining One was greatly pleased with you.
You visited 2 branches of the dungeon, and saw 11 of its levels.
You also visited: Bailey.

You collected 778 gold pieces.
You spent 181 gold pieces at shops.

Inventory:

Hand Weapons
 s - a +2 whip of freezing
 u - a +8 dire flail of protection (weapon)
Armour
 b - a +2 pair of boots of fire resistance (worn)
 t - a +0 kite shield
 z - a +4 chain mail (worn)
Jewellery
 g - an amulet of regeneration
 q - an amulet of reflection (around neck)
 v - a ring of positive energy (left hand)
 x - a ring of fire
Wands
 a - a wand of charming (8)
 r - a wand of flame (17)
 y - a wand of polymorph (8)
 D - a wand of mindburst (11)
Scrolls
 f - 6 scrolls of teleportation
 m - a scroll of blinking
 n - a scroll of butterflies
 w - 2 scrolls of enchant weapon
 F - a scroll of identify
 H - a scroll of noise {unknown}
Potions
 c - a potion of attraction
 d - 3 potions of might
 e - a potion of heal wounds {unknown}
 h - 2 potions of brilliance
 j - 8 potions of curing
 k - 2 potions of magic
 l - 3 potions of flight
 o - 2 potions of haste
 p - 2 potions of lignification {unknown}
 A - a potion of berserk rage {unknown}
 B - a potion of mutation {unknown}
 C - a potion of resistance {unknown}
 E - a potion of invisibility {unknown}


   Skills:
 - Level 10.0 Fighting
 - Level 10.0 Maces & Flails
 - Level 10.0 Armour
 - Level 10.0 Shields
 + Level 8.5 Invocations


You had 10 spell levels left.
You didn't know any spells.
Your spell library contained the following spells:

 Spells                   Type           Power      Damage    Failure   Level
 Beastly Appendage        Tmut           0%         N/A       95%         1
 Freeze                   Ice            0%         1d3       95%         1
 Magic Dart               Conj           0%         1d3       95%         1
 Shock                    Conj/Air       0%         1d3       95%         1
 Call Imp                 Summ           0%         N/A       99%         2
 Wereblood                Tmut           0%         N/A       99%         2
 Frozen Ramparts          Ice            0%         1d1       100%        3
 Gell's Gravitas          Tloc           0%         N/A       100%        3
 Lesser Beckoning         Tloc           0%         N/A       100%        3
 Mephitic Cloud           Conj/Pois/Air  0%         N/A       100%        3
 Ozocubu's Armour         Ice            0%         N/A       100%        3
 Spider Form              Tmut/Pois      0%         N/A       100%        3
 Swiftness                Air            0%         N/A       100%        3
 Teleport Other           Tloc           0%         N/A       100%        3
 Airstrike                Air            0%         2d(0-16)  100%        4
 Hailstorm                Conj/Ice       0%         3d3       100%        4
 Ozocubu's Refrigeration  Ice            0%         4d7       100%        7


Dungeon Overview and Level Annotations

Branches:
Dungeon (10/15)            Temple (1/1) D:4            Lair (0/5) D:9
 Bailey (1/1)
    Orc: D:9-12

Altars:
Ashenzari
Cheibriados
Dithmenos
Elyvilon
Fedhas
Gozag
Hepliaklqana
Kikubaaqudgha
Makhleb
Nemelex Xobeh
Okawaru
Qazlal
Ru
Trog
Uskayaw
Vehumet
Wu Jian
Xom
Yredelemnul
Zin
The Shining One

Shops:
D:5 :   D:7 **

Annotations:
D:5 1 transporter, cowcol's ghost, amateur MiFi


Innate Abilities, Weirdness & Mutations

You have a pair of horns on your head.
You reflexively headbutt those who attack you in melee.


Message History

The centaur hits you but does no damage.
The centaur kicks you but does no damage.
The centaur hits you with a +0 halberd.
* * * LOW HITPOINT WARNING * * *
The centaur kicks you but does no damage.
You puncture the centaur!
You kill the centaur!
The centaur barely misses you.
The centaur kicks you but does no damage.
You puncture the centaur! You headbutt the centaur.
The centaur is heavily wounded.
The centaur throws a javelin.
The javelin pierces through you but does no damage.
The centaur hits you with a +0 trident!
* * * LOW HITPOINT WARNING * * *
The centaur kicks you but does no damage.
You impale the centaur!!
You kill the centaur!
It was a potion of attraction.
You feel attractive to monsters.
The centaur throws a javelin.
The javelin pierces through you!
* * * LOW HITPOINT WARNING * * *
The centaur is attracted toward you.
As you read the scroll of fear, it crumbles to dust.
You assume a fearsome visage.
The centaur looks frightened! x3
The centaur is attracted toward you. x2
You sock the centaur!
Your attack snaps the centaur out of its fear.
The centaur is moderately wounded.
The centaur hits you with a +0 halberd.
* * * LOW HITPOINT WARNING * * *
The centaur kicks you but does no damage.
The centaur is attracted toward you. x2
Blink to where?
Press: ? - help, Dir - move target A centaur and 3 orcs come into view.
As you read the scroll of blinking, it crumbles to dust.
The orc shouts! x3
The centaur throws a javelin.
The javelin pierces through you!
You die...

...≈~≈"≈~≈.....≈.≈≈#
.≈.....≈~≈?≈~≈.....≈.≈≈#
o≈o....≈~≈:≈~≈..).§≈§≈≈#
c≈.....≈~≈≈≈~≈).c.c≈.≈≈#
.≈≈....≈≈~≈~≈≈)..§≈≈.≈≈#
≈.≈...o.≈~≈~≈.§c..≈.≈≈≈#
≈.≈≈.⌠..≈≈~≈≈))).≈≈.≈≈≈#
≈≈.≈.....≈~≈.....≈.≈≈≈≈#
≈≈.≈≈≈.@.......≈≈≈.≈≈≈≈#
≈≈≈..≈≈≈.....≈≈≈..≈≈≈≈≈#
≈≈≈≈≈..≈≈≈.≈≈≈..≈≈≈≈≈≈≈
≈≈≈≈≈≈≈.......≈≈≈≈≈≈≈≈
≈≈≈≈≈≈≈≈≈≈≈≈≈≈≈≈≈≈≈≈≈#
#≈≈≈≈≈≈≈≈≈≈≈≈≈≈
###############


You could see a centaur and 3 orcs.

Vanquished Creatures
  A death yak (D:8)
  Pikel (D:7)
  A cyclops (D:7)
  Maurice (D:8)
  The ghost of TalarFracture the Sneak, a novice VSEn of Ru (D:6)
  A hornet (D:9)
  Sigmund (D:6)
  11 yaks
  A wyvern (D:9)
  A wraith (D:10)
  A steam dragon (D:7)
  A basilisk (D:9)
  Edmund (D:5)
  A water moccasin (D:5)
  Duvessa (D:6)
  4 ice beasts
  10 orc warriors
  3 black bears
  9 centaurs
  A kobold brigand (D:7)
  A phantom (D:5)
  2 necrophages
  A bullfrog (D:7)
  3 gnoll sergeants
  A scorpion (D:7)
  3 wights (D:9)
  Dowan (D:6)
  8 killer bees
  An electric eel (D:6)
  4 hounds
  6 orc priests
  A water moccasin simulacrum (D:6)
  2 jellies
  Jessica (D:3)
  3 gnoll boudas
  8 orc wizards
  2 iguanas
  A bullfrog simulacrum (D:6)
  25 gnolls
  4 adders
  9 river rats (D:5)
  7 white imps
  A howler monkey simulacrum (D:6)
  An ufetubus (D:6)
  A worm (D:5)
  3 dart slugs
  49 orcs
  4 endoplasms
  3 giant cockroaches
  9 goblins
  5 hobgoblins
  7 quokkas
  14 ball pythons
  5 bats
  5 frilled lizards
  12 kobolds
  17 rats
282 creatures vanquished.

Vanquished Creatures (others)
  An orc (Bailey)
  17 plants (D:9)
18 creatures vanquished.

Grand Total: 300 creatures vanquished

Notes
Turn   | Place    | Note
-------+----------+-------------------------------------------
     0 | D:1      | Smoke131 the Minotaur Fighter began the quest for the Orb.
     0 | D:1      | Reached XP level 1. HP: 19/19 MP: 0/0
    91 | D:1      | Reached XP level 2. HP: 26/27 MP: 1/1
   118 | D:1      | Found a faded altar of an unknown god.
   547 | D:2      | Reached XP level 3. HP: 33/33 MP: 2/2
  1457 | D:2      | Reached XP level 4. HP: 31/40 MP: 3/3
  1573 | D:3      | Noticed Jessica
  1577 | D:3      | Killed Jessica
  1587 | D:3      | Found a glowing golden altar of the Shining One.
  1627 | D:3      | Found a white marble altar of Elyvilon.
  1677 | D:3      | Reached XP level 5. HP: 47/47 MP: 4/4
  2289 | D:4      | Found a staircase to the Ecumenical Temple.
  2303 | D:4      | Noticed an ice beast
  2305 | Temple   | Entered the Ecumenical Temple
  2448 | D:4      | Killed an ice beast
  2449 | D:4      | Reached skill level 5 in Fighting
  2449 | D:4      | Reached skill level 5 in Armour
  2449 | D:4      | Reached skill level 5 in Shields
  2503 | D:3      | Became a worshipper of the Shining One
  2596 | D:4      | Found a stormy altar of Qazlal.
  2810 | D:4      | Noticed a black bear
  2818 | D:4      | Killed a black bear
  2819 | D:4      | Reached XP level 6. HP: 56/56 MP: 5/5
  3511 | D:5      | Entered Level 5 of the Dungeon
  3536 | D:5      | Reached skill level 5 in Maces & Flails
  3544 | D:5      | Reached XP level 7. HP: 47/62 MP: 6/6
  3924 | D:5      | Found a transporter.
  3926 | D:5      | Noticed cowcol's ghost (amateur MiFi)
  3968 | D:5      | Found Calyno's Book Emporium.
  4133 | D:5      | Reached * piety under the Shining One
  4250 | D:5      | Reached XP level 8. HP: 54/71 MP: 7/7
  4569 | D:6      | Noticed Edmund
  4595 | D:5      | Killed Edmund
  4692 | D:6      | Noticed Duvessa
  4750 | D:6      | Noticed Dowan
  4794 | D:6      | Killed Dowan
  5070 | D:6      | Killed Duvessa
  5115 | D:6      | Reached ** piety under the Shining One
  5298 | D:6      | Noticed Sigmund
  5304 | D:6      | Killed Sigmund
  5332 | D:6      | Noticed TalarFracture's ghost (novice VSEn)
  5354 | D:6      | Found a runed translucent gate.
  5354 | D:6      | Found a runed translucent gate.
  5354 | D:6      | Found a runed translucent gate.
  5414 | D:6      | Reached XP level 9. HP: 81/81 MP: 8/8
  5455 | D:6      | Killed TalarFracture's ghost
  5456 | D:6      | Reached skill level 1 in Invocations
  5922 | D:7      | Found Voukkex's Fire Supplies.
  5928 | D:7      | Bought a +1 pair of boots of fire resistance for 181 gold
                  | pieces
  6072 | D:7      | Reached *** piety under the Shining One
  6101 | D:7      | Found Vicaos's Assorted Antiques.
  6289 | D:7      | Found an iron altar of Okawaru.
  6302 | D:7      | Noticed a cyclops
  6318 | D:7      | Killed a cyclops
  6319 | D:7      | Reached XP level 10. HP: 66/91 MP: 11/11
  6719 | D:8      | Noticed Pikel
  6729 | D:7      | Killed Pikel
  6986 | D:8      | Noticed Maurice
  6999 | D:8      | Killed Maurice
  7325 | D:9      | Found a staircase to the Lair.
  7325 | D:9      | Noticed a death yak
  7355 | D:8      | Killed a death yak
  7393 | D:9      | Reached skill level 10 in Fighting
  7405 | D:9      | Reached skill level 10 in Armour
  7405 | D:9      | Reached skill level 10 in Shields
  7677 | D:9      | Reached skill level 5 in Invocations
  7700 | D:9      | Found a hazy altar of Hepliaklqana.
  7732 | D:8      | Reached skill level 10 in Maces & Flails
  8053 | D:10     | Entered Level 10 of the Dungeon
  8132 | D:10     | Reached **** piety under the Shining One
  8137 | D:10     | Reached XP level 11. HP: 99/99 MP: 13/15
  8167 | D:10     | Found a flagged portal.
  8187 | Bailey   | Entered a bailey
  8691 | Bailey   | HP: 1/99 [centaur/+0 halberd (5)]
  8692 | Bailey   | Hit by a javelin thrown by a centaur

Illustrated notes

Levels and vault maps discovered:
D:1:      pf_arrival_petrified_forest, layout_rooms, basic_ecumenical_altar
D:2:      layout_loops_corners, minmay_strange_pillars, minmay_quantized
D:3:      layout_rooms, amcnicky_altar_gilded, elyvilon_altar_3,
          minmay_door_square, serial_park_tiny_2, uniq_jessica
D:4:      layout_layer_cave, mainiacjoe_overflow_tiny_flanked,
          minmay_temple_entry_mini_moons, minmay_joined_circles
D:5:      layout_loops_ring, gammafunk_ghost_smash, serial_shops, shop,
          minmay_hedge_maze, dk_rats_in_the_wall
D:6:      layout_cave_pools, gammafunk_ghost_icy, lightli_minifort, uniq_edmund,
          uniq_sigmund, uniq_duvessa
D:7:      layout_loops_ring, kennysheep_okawaru_gauntlet, serial_shops,
          kennysheep_little_box, nicolae_shop_fire_sale
          [nicolae_sub_dead_trees], hangedman_decor_diamond_cutter
D:8:      layout_rooms, uniq_maurice, uniq_pikel
D:9:      layout_irregular_city, nicolae_hepliaklqana_hazy_memory,
          david_lair_generic
D:10:     layout_loops_ring, overflow_temple_1_default, serial_shops,
          kennysheep_mini_moat, enter_bailey_7
Temple:   kb_temple_of_zot
Bailey:   bailey_polearm_flooded_kennysheep, bailey

Skill      XL: |  1  2  3  4  5  6  7  8  9 10 11 |
---------------+----------------------------------+-----
Fighting       | 4 5 6 7 9 10 | 10.0
Maces & Flails | 3 4 5 6 7 8 10 | 10.0
Armour         | 4 5 6 7 9 10 | 10.0
Shields        | 4 5 6 7 9 10 | 10.0
Invocations    | 3 6 8 |  8.5

Action                   |  1- 3 |  4- 6 |  7- 9 | 10-12 || total
-------------------------+-------+-------+-------+-------++-------
Melee: Flail             |    89 |    69 |       |       ||   158
       Headbutt          |     8 |    16 |    56 |    36 ||   116
       Whip              |       |    23 |   160 |       ||   183
       Dire flail        |       |       |   140 |   191 ||   331
Evoke: Wand              |       |     6 |     4 |       ||    10
  Use: Scroll            |       |     9 |     2 |     5 ||    16
       Potion            |       |     1 |     1 |     2 ||     4
Armor: Scale mail        |    47 |    53 |    89 |       ||   189
       Chain mail        |       |       |    21 |   198 ||   219
Dodge: Dodged            |    62 |    46 |    97 |   134 ||   339
Block: Buckler           |    23 |    39 |    13 |       ||    75
       Kite shield       |       |       |    26 |       ||    26
       Other             |       |       |       |    29 ||    29
